 Dungeon Crawl Stone Soup version 0.31.0-32-g396128a36d (webtiles) character file.

Game seed: 10593083356878569701

123 PaiMei the Grave Robber (level 4, -1/30 HPs)
             Began as a Demonspawn Necromancer on Mar 25, 2024.
             Slain by Blork the orc
             ... wielding a +0 glaive
              (12 damage)
             ... on level 4 of the Dungeon on Mar 26, 2024.
             The game lasted 00:05:18 (3139 turns).

PaiMei the Grave Robber (Demonspawn Necromancer)    Turns: 3139, Time: 00:05:19

Health: -1/30      AC:  2    Str:  9    XL:     4   Next: 80%
Magic:  5/8        EV: 12    Int: 17    God:
Gold:   71         SH:  0    Dex: 13    Spells: 4/8 levels left

rFire   . . .        p - +0 war axe (venom)
rCold   . . .        (no shield)
rNeg    . . .        a - +0 robe
rPois   .            (no helmet)
rElec   .            (no cloak)
rCorr   .            (no gloves)
SInv    .            (no boots)
Will    .....        h - amulet of the acrobat
Stlth   ++           (no ring)
HPRegen 0.25/turn    (no ring)
MPRegen 0.11/turn

%: acrobat
@: very slightly contaminated
A: ignite blood 1, sturdy frame 1, demonic magic 1
a: no special abilities


You were on level 4 of the Dungeon.
You visited 1 branch of the dungeon, and saw 4 of its levels.

You collected 71 gold pieces.

Inventory:

Hand Weapons
 e - a +0 dagger
 j - a +0 short sword
 p - a +0 war axe of venom (weapon)
Armour
 a - a +0 robe (worn)
Jewellery
 h - an amulet of the acrobat (around neck)
 q - an amulet of magic regeneration
Scrolls
 c - 2 scrolls of revelation {unknown}
 f - a scroll of immolation {unknown}
 k - 2 scrolls of amnesia {unknown}
 l - 5 scrolls of identify {unknown}
 n - a scroll of teleportation {unknown}
 o - a scroll of vulnerability {unknown}
Potions
 b - 3 potions of magic
 d - a potion of might {unknown}
 g - a potion of degeneration {unknown}
 i - a potion of ambrosia {unknown}
 m - a potion of lignification {unknown}


   Skills:
 + Level 2.7 Dodging
 + Level 2.9 Stealth
 + Level 2.8 Spellcasting
 + Level 5.1 Necromancy


You had 4 spell levels left.
You knew the following spells:

 Your Spells              Type           Power      Damage    Failure   Level
a - Necrotise             Necr           76%        1d7       2%          1
b - Vampiric Draining     Necr           19%        2d7       7%          3

Your spell library contained the following spells:

 Spells                   Type           Power      Damage    Failure   Level
 Animate Dead             Necr           19%        N/A       22%         4
 Scorch                   Fire           4%         2d5       26%         2
 Dazzling Flash           Conj/Hex       4%         N/A       47%         3
 Mephitic Cloud           Conj/Alch/Air  2%         N/A       47%         3
 Flame Wave               Conj/Fire      2%         2d4       87%         4
 Curse of Agony           Necr           19%        N/A       52%         5
 Silence                  Hex/Air        1%         N/A       99%         5
 Summon Cactus Giant      Summ           1%         N/A       100%        6


Dungeon Overview and Level Annotations

Branches:
Dungeon (4/15)
 Temple: D:4-7

Altars:
Uskayaw

Shops:
D:2 *

Annotations:
D:4 Blork the orc


Innate Abilities, Weirdness & Mutations

Your demonic aura sometimes causes spilled blood to erupt in flames.
Your movements are slightly less encumbered by armour. (ER -2)
Spells you cast may paralyse adjacent enemies.


Message History

Aiming: Necrotise (safe; 2% risk of failure)
Press: ? - help, Shift-Dir - straight line, f - Blork the orc
Aim: Blork the orc, wielding a +0 glaive and wearing a +0 robe (asleep, chance to affect: 78%) Blork the orc shouts!
Blork the orc writhes in agony.
Malevolent energies surge around you.
Casting: Necrotise (safe; 2% risk of failure)
Confirm with . or Enter, or press ? or * to list all spells.
Aiming: Necrotise (safe; 2% risk of failure)
Press: ? - help, Shift-Dir - straight line, f/p - Blork the orc
Aim: Blork the orc, wielding a +0 glaive and wearing a +0 robe (lightly wounded, chance to affect: 78%)
You miscast Necrotise.
You are very lightly contaminated with residual magic.
Nothing appears to happen.
Casting: Necrotise (safe; 2% risk of failure)
Confirm with . or Enter, or press ? or * to list all spells.
Aiming: Necrotise (safe; 2% risk of failure)
Press: ? - help, Shift-Dir - straight line, f/p - Blork the orc
Aim: Blork the orc, wielding a +0 glaive and wearing a +0 robe (lightly wounded, chance to affect: 78%) Blork the orc writhes in agony.
Malevolent energies surge around you. Blork the orc barely misses you.
Casting: Necrotise (safe; 2% risk of failure)
Confirm with . or Enter, or press ? or * to list all spells.
You can't see any susceptible monsters within range! (Use Z to cast anyway.) Blork the orc casts a spell at you.
The magic dart hits you.
Casting: Necrotise (safe; 2% risk of failure)
Confirm with . or Enter, or press ? or * to list all spells.
Okay, then.
You completely miss Blork the orc.
Blork the orc is moderately wounded.
Blork the orc gestures at you while chanting.
The puff of frost hits you!
You hit Blork the orc.
Blork the orc is moderately wounded.
Blork the orc gestures at you while chanting.
The puff of frost hits you! Blork the orc closely misses you.
You hit Blork the orc.
Blork the orc is heavily wounded.
Blork the orc hits you with a +0 glaive!
You die...

.# #.# .#
#####.# .#
#.....# ##
#.##### #.#
### #....?#
#####.# #o#
#@# #.#
#########.#
#.........#
#.#########
#.# #.# #.#
#.#


You could see Blork the orc.

Vanquished Creatures
  An iguana (D:4)
  2 adders (D:2)
  2 dart slugs
  10 orcs
  6 ball pythons
  6 endoplasms
  3 giant cockroaches
  6 goblins
  6 hobgoblins
  6 jackals (D:3)
  3 quokkas
  A bat (D:3)
  3 frilled lizards
  2 kobolds
  A rat (D:1)
58 creatures vanquished.

Notes
Turn   | Place    | Note
-------+----------+-------------------------------------------
     0 | D:1      | PaiMei the Demonspawn Necromancer began the quest for the
                  | Orb.
     0 | D:1      | Reached XP level 1. HP: 13/13 MP: 3/3
   237 | D:1      | Found a faded altar of an unknown god.
   312 | D:1      | Gained mutation: Your demonic aura sometimes causes spilled
                  | blood to erupt in flames. [demonic ancestry]
   312 | D:1      | Reached XP level 2. HP: 16/19 MP: 0/5
   950 | D:2      | Found a hide-covered altar of Uskayaw.
  1064 | D:2      | Found Gugel's Assorted Antiques.
  1185 | D:2      | Gained mutation: Spells you cast may paralyse adjacent
                  | enemies. [demonic ancestry]
  1185 | D:2      | Reached XP level 3. HP: 24/24 MP: 4/6
  1189 | D:2      | Learned a level 3 spell: Vampiric Draining
  1964 | D:3      | Gained mutation: Your movements are slightly less
                  | encumbered by armour. (ER -2) [demonic ancestry]
  1964 | D:3      | Reached XP level 4. HP: 30/30 MP: 0/7
  2637 | D:3      | Reached skill level 5 in Necromancy
  3022 | D:4      | Noticed Blork the orc
  3139 | D:4      | Slain by Blork the orc

Illustrated notes

Levels and vault maps discovered:
D:1:      roderic_crop_circles_arrival_small, layout_loops_cross,
          basic_ecumenical_altar, minmay_pentomino_p2
D:2:      layout_loops_cross, serial_shops, nicolae_shop_just_a_little_nook,
          basic_altar, st_stairs_2
D:3:      layout_basic
D:4:      layout_loops_ring, uniq_blork_the_orc

Skill      XL: |  1  2  3  4 |
---------------+-------------+-----
Stealth        | 2 |  2.9
Dodging        | 2 |  2.7
Necromancy     | 5 |  5.1
Spellcasting   | |  2.8

Action                     |  1- 3 |  4- 6 || total
---------------------------+-------+-------++-------
  Melee: Unarmed           |     4 |       ||     4
         Dagger            |     5 |       ||     5
         Short sword       |     5 |     2 ||     7
         War axe           |       |     7 ||     7
   Cast: Necrotise         |    64 |    44 ||   108
   Stab: Paralysed         |     3 |     2 ||     5
 Armour: Robe              |     5 |     8 ||    13
  Dodge: Dodged            |    15 |    15 ||    30
